 Dungeon Crawl Stone Soup version 0.29-a0-243-g602b31c20e (webtiles) character file.

Game seed: 69673279377292786

102 spaghetti the Slasher (level 4, 0/52 HPs)
             Began as a Demonspawn Berserker on Mar 5, 2022.
             Was a Follower of Trog.
             Succumbed to a scorpion's poison
             ... on level 2 of the Dungeon.
             The game lasted 00:01:59 (2036 turns).

spaghetti the Slasher (Demonspawn Berserker)        Turns: 2036, Time: 00:02:00

Health: 0/52       AC: 22    Str: 19    XL:     4   Next: 50%
Magic:  2/4        EV:  2    Int:  8    God:    Trog [*.....]
Gold:   55         SH:  0    Dex: 13    Spells: 3/3 levels left

rFire   + . .      SeeInvis .   a - +0 falchion {long}
rCold   . . .      Faith    .   (no shield)
rNeg    . . .      Spirit   +   (body armour currently unavailable)
rPois   +          Reflect  .   (helmet currently unavailable)
rElec   .          Harm     .   (cloak currently unavailable)
rCorr   .          Rampage  .   (gloves currently unavailable)
Will    +....      NoTele   +   (boots currently unavailable)
Stlth   +.........              r - amulet of guardian spirit
HPRegen 0.17/turn               j - ring of protection from fire
MPRegen 0.09/turn               m - ring of willpower

@: lethally poisoned (0 -> -4), tree-form (expiring), on berserk cooldown,
attractive, hasted and slowed
A: stationary, stasis, torment immunity, boosted hp, (sharp scales 1), (demonic
touch 1)
a: Renounce Religion, Berserk


You were on level 2 of the Dungeon.
You worshipped Trog.
Trog was aware of your devotion.
You were a tree.
You visited 1 branch of the dungeon, and saw 2 of its levels.

You collected 55 gold pieces.


Innate Abilities, Weirdness & Mutations

You are a tree.
Your roots penetrate the ground, keeping you stationary.
You cannot be teleported.
You are immune to unholy pain and torment.
Your maximum health is greatly increased.
Your equipment is partially melded.
((You are partially covered in razor-sharp scales. (AC +1, Slay +1)))
((Your touch may inflict minor irresistible damage on your foes.))


   Skills:
 - Level 3.0 Fighting
 + Level 4.3 Long Blades
 - Level 1.7 Armour
 - Level 1.7 Dodging
 + Level 2.1 Evocations


You had 3 spell levels left.
You didn't know any spells.
Your spell library was empty.

Inventory:

Hand Weapons
 a - a +0 falchion (weapon) {long}
 l - a +0 vorpal spear {polearm}
   (You found it on level 1 of the Dungeon)
Missiles
 e - 40 stones (quivered) {throwing}
 h - 5 poisoned darts {throwing}
Armour
 b - a +0 animal skin (melded)
 k - a +0 pair of gloves (melded)
   (You found it on level 1 of the Dungeon)
Magical Staves
 u - a staff of poison {forbidden!astaff}
   (You found it on level 2 of the Dungeon)
Jewellery
 g - a ring of fire
   (You found it on level 2 of the Dungeon)
 j - a ring of protection from fire (left branch)
   (You found it on level 1 of the Dungeon)
 m - a ring of willpower (right branch)
   (You found it on level 1 of the Dungeon)
 r - an amulet of guardian spirit (around neck)
   (You found it on level 2 of the Dungeon)
 s - a ring of wizardry
   (You found it on level 2 of the Dungeon)
Wands
 t - a wand of polymorph (6)
   (You found it on level 2 of the Dungeon)
Scrolls
 f - 2 scrolls of magic mapping {unknown}
 i - a scroll of teleportation {unknown}
 n - a scroll of amnesia {unknown}
 q - a scroll of enchant armour {unknown}
 v - a scroll of noise {unknown}
Potions
 d - a potion of lignification {!q}

Dungeon Overview and Level Annotations

Branches:
Dungeon (2/15)

Altars:

'.........'.†.....#.#
#.........####......#
##...[...## ##..####
##.....## ##.#
##...## #.####.#
##+## #......#
#.###### #.# #♣#
.......†# ...######


There were no monsters in sight!


Message History

😨 HP[-2]
You take 2 damage, and now have 20/43 hp.
You hit the scorpion but do no damage.
You feel sick.
The scorpion stings you but does no damage. x2 😨 HP[-1]
You take 1 damage, and now have 19/43 hp.
You hit the scorpion.
You feel sick.
The scorpion stings you but does no damage. 😨 HP[-1]
You take 1 damage, and now have 18/43 hp.
You closely miss the scorpion.
You feel sick. The scorpion stings you.
* * * LOW HITPOINT WARNING * * *
😨 HP[-5]
You take 5 damage, and now have 13/43 hp.
You hit the scorpion but do no damage.
You feel sick.
You are no longer poisoned.
The scorpion stings you but does no damage.
The scorpion completely misses you. 😨 HP[-1]
You take 1 damage, and now have 12/43 hp.
Unknown command.
It was a potion of attraction.
You feel attractive to monsters.
The scorpion stings you but does no damage.
Unknown command.
It was a potion of haste.
You feel yourself speed up.
The scorpion stings you but does no damage. 😨 HP[+1] MP[+1]
Your mp is fully restored (3).
It was a potion of flight.
Your roots keep you in place.
The scorpion stings you but does no damage.
You hit the scorpion. The scorpion stings you.
* * * LOW HITPOINT WARNING * * *
You are lethally poisoned!
The scorpion poisons you! 😱 HP[-5] MP[-1]
You take 5 damage, and now have 8/43 hp.
You lost 1 mp, and now have 2/3 mp.
Okay, then.
You hit the scorpion.
* * * LOW HITPOINT WARNING * * *
You feel very sick. 😱 HP[-3]
You take 3 damage, and now have 5/43 hp.
Unknown command.
Okay, then.
A red film seems to cover your vision as you go berserk!
You feel yourself moving faster!
You feel mighty!
* * * LOW HITPOINT WARNING * * *
You feel sick.
The scorpion stings you but does no damage. 😱 HP[+1]
You now have 64 max hp (+21).
You hit the scorpion.
You kill the scorpion!
Trog accepts your kill.
* * * LOW HITPOINT WARNING * * *
You feel sick.
Your Long Blades skill increases to level 4!
Your Evocations skill increases to level 2!
You have reached level 4!
You feel agile.
Your demonic ancestry asserts itself...
Sharp scales grow over part of your body.
You now have 78 max hp (+14).
There is a lethal amount of poison in your body!
Unknown command.
* * * LOW HITPOINT WARNING * * *
You feel sick. 😱 HP[-2]
You take 2 damage, and now have 4/78 hp.
You feel a strong urge to attack something.
Your transformation is almost over.
* * * LOW HITPOINT WARNING * * *
You feel sick. 😱 HP[-1]
You take 1 damage, and now have 3/78 hp.
* * * LOW HITPOINT WARNING * * *
You feel sick. 😱 HP[-1]
You take 1 damage, and now have 2/78 hp.
You feel your anger nearly subside.
You are no longer berserk.
You are exhausted.
You feel yourself slow down.
* * * LOW HITPOINT WARNING * * *
You feel sick. 😱 HP[-1]
You now have 52 max hp (-26).
Okay, then.
You are lethally poisoned (1 -> -4).
Expiring: You are a tree.
You are unable to berserk.
You attract monsters toward you.
You are under both slowing and hasting effects.
Your movement speed is average.
Your attack delay is about 1.0.
Unknown command.
There is a lethal amount of poison in your body!
There is a lethal amount of poison in your body!
Unknown command.
Unknown command.
There is a lethal amount of poison in your body!
You die...

Skill      XL: |  1  2  3 |
---------------+----------+-----
Long Blades    | 3 4 |  4.3
Evocations     | 2 |  2.1
Fighting       | |  3.0
Armour         | |  1.7
Dodging        | |  1.7

Action                   |  1- 3 |  4- 6 || total
-------------------------+-------+-------++-------
Melee: Falchion          |    83 |       ||    83
       Touch             |     7 |       ||     7
Invok: Berserk           |     2 |       ||     2
  Use: Potion            |     4 |       ||     4
 Stab: Sleeping          |     2 |       ||     2
Armor: Animal skin       |    13 |       ||    13
       Skin              |    10 |       ||    10
Dodge: Dodged            |    62 |       ||    62

Levels and vault maps discovered:
D:1:      dpeg_arrival_boxorama, layout_basic, ebering_ecumenical_altar_box,
          minmay_cupped
D:2:      layout_loops_corners

Notes
Turn   | Place    | Note
-------+----------+-------------------------------------------
     0 | D:1      | spaghetti the Demonspawn Berserker began the quest for the
                  | Orb.
     0 | D:1      | Reached XP level 1. HP: 18/18 MP: 1/1
     0 | D:1      | magus.rc [v1.9.6]
   230 | D:2      | Reached skill level 3 in Long Blades
   270 | D:2      | Gained mutation: Your touch may inflict minor irresistible
                  | damage on your foes. [demonic ancestry]
   270 | D:2      | Reached XP level 2. HP: 10/24 MP: 2/2
   489 | D:1      | Found a faded altar of an unknown god.
  1628 | D:2      | Reached XP level 3. HP: 20/29 MP: 1/3
  1899 | D:2      | Reached skill level 1 in Evocations
  2008 | D:2      | Noticed a scorpion
  2028 | D:2      | HP: 8/43 [scorpion (5)]
  2031 | D:2      | Killed a scorpion
  2032 | D:2      | Reached skill level 4 in Long Blades
  2032 | D:2      | Reached skill level 2 in Evocations
  2032 | D:2      | Gained mutation: You are partially covered in razor-sharp
                  | scales. (AC +1, Slay +1) [demonic ancestry]
  2032 | D:2      | Reached XP level 4. HP: 6/35 MP: 2/4
  2033 | D:2      | HP: 3/78 [poisoned by a scorpion]
  2035 | D:2      | HP: 1/52 [poisoned by a scorpion]
  2036 | D:2      | Succumbed to a scorpion's poison

Vanquished Creatures
  A scorpion (D:2)
  2 adders (D:2)
  A worm (D:2)
  2 endoplasms (D:1)
  A giant cockroach (D:2)
  3 goblins
  2 jackals (D:1)
  A quokka (D:1)
  4 ball pythons
  3 bats
  3 kobolds (D:2)
  4 rats
27 creatures vanquished.

Table legend:
 A = Non-vault XP
 B = Vault XP
 C = Vault XP percentage of total XP
 D = Non-vault monster count
 E = Vault monster count
 F = Vault count percentage of total count
                 A         B        C        D         E       F
            +---------+---------+-------+---------+---------+-------
      Total |     141 |       6 |   4.1 |      23 |       4 |  14.8
            +---------+---------+-------+---------+---------+-------
        D:1 |      15 |       6 |  28.6 |      10 |       4 |  28.6
        D:2 |     126 |       0 |   0.0 |      13 |       0 |   0.0
            +---------+---------+-------+---------+---------+-------

Illustrated notes

Table legend:
 A = Kills in this place as a percentage of kills in entire the game.
 B = Kills by you in this place as a percentage of kills by you in the entire game.
 C = Kills by friends in this place as a percentage of kills by friends in the entire game.
 D = Other kills in this place as a percentage of other kills in the entire game.
 E = Experience gained in this place as a percentage of experience gained in the entire game.
 F = Experience gained in this place divided by the number of levels of this place that you have seen.
                   A       B       C       D       E      F
               +-------+-------+-------+-------+-------+----------------------
         Total | 100.0 | 100.0 |   N/A |   N/A | 100.0 |  73.5
       Dungeon | 100.0 | 100.0 |   N/A |   N/A | 100.0 |  73.5
               +-------+-------+-------+-------+-------+----------------------

Table legend: (Time is in decaauts)
 A = Elapsed time spent in this place.
 B = Non-inter-level travel time spent in this place.
 C = Inter-level travel time spent in this place.
 D = Time resting spent in this place.
 E = Time spent auto-exploring this place.
 F = Levels seen in this place.
 G = Mean time per level.
                   A        B        C        D        E       F      G
               +--------+--------+--------+--------+--------+-----+--------+
         Total |   2053 |   1971 |     82 |    341 |   1388 |   2 | 1026.5 |
       Dungeon |   2053 |   1971 |     82 |    341 |   1388 |   2 | 1026.5 |
               +--------+--------+--------+--------+--------+-----+--------+

Top non-repeatable levels by time:
     D:1: 1194 daAuts
     D:2: 859 daAuts
